 Dungeon Crawl Stone Soup version 0.29.0-15-g675c0067aa (webtiles) character file.

Game seed: 221108920814227827

73960 qw the Warrior (level 15, -15/147 HPs)
             Began as a Minotaur Berserker on Sept 12, 2022.
             Was a Priest of Trog.
             Demolished by a death yak (26 damage)
             ... summoned by a spriggan berserker
             ... on level 14 of the Dungeon.
             The game lasted 00:08:26 (25855 turns).

qw the Warrior (Minotaur Berserker)                Turns: 25855, Time: 00:08:27

Health: -15/147    AC: 32    Str: 28    XL:     15   Next: 5%
Magic:  14/14      EV: 14    Int:  4    God:    Trog [***...]
Gold:   1224       SH:  6    Dex: 11    Spells: 14/14 levels left

rFire   . . .      SeeInvis .   e - +1 war axe (spect)
rCold   . . .      Faith    .   b - +0 buckler
rNeg    . . .      Spirit   .   l - +0 plate armour
rPois   +          Reflect  .   n - +2 hat
rElec   .          Harm     .   o - +2 cloak {rPois}
rCorr   .          Rampage  .   p - +2 pair of gloves
Will    +....                   j - +0 pair of boots
Stlth   ..........              d - amulet of regeneration
HPRegen 1.14/turn               m - +4 ring of protection
MPRegen 0.14/turn               h - +4 ring of evasion

@: about to teleport, on berserk cooldown, slowed, very slow
A: horns 2, retaliatory headbutt
a: Renounce Religion, Berserk, Trog's Hand


You were on level 14 of the Dungeon.
You worshipped Trog.
Trog was most pleased with you.
You visited 2 branches of the dungeon, and saw 19 of its levels.

You collected 1625 gold pieces.
You spent 401 gold pieces at shops.


Innate Abilities, Weirdness & Mutations

You have a pair of horns on your head.
You reflexively headbutt those who attack you in melee.


   Skills:
 + Level 17.4 Fighting
 - Level 16.0 Axes
 - Level 8.0 Throwing
 - Level 16.0 Armour
 - Level 7.0 Dodging
 - Level 10.8 Shields


You had 14 spell levels left.
You didn't know any spells.
Your spell library was empty.

Inventory:

Hand Weapons
 e - a +1 spectral war axe (weapon)
 g - a +2 flail of protection
Missiles
 u - a boomerang (quivered)
Armour
 b - a +0 buckler (worn)
 j - a +0 pair of boots (worn)
 l - a +0 plate armour (worn)
 n - a +2 hat (worn)
 o - a +2 cloak of poison resistance (worn)
 p - a +2 pair of gloves (worn)
 t - a +3 scale mail of fire resistance
 v - +0 fire dragon scales
Jewellery
 d - an amulet of regeneration (around neck)
 h - a +4 ring of evasion (right hand)
 m - a +4 ring of protection (left hand)
Scrolls
 f - 19 scrolls of identify
Potions
 a - a potion of resistance
 c - 5 potions of might
 i - 2 potions of haste
 s - 5 potions of curing

Dungeon Overview and Level Annotations

Branches:
Dungeon (14/15)            Temple (0/1) D:4            Lair (5/5) D:11
 Shoals (0/4) Lair:2       Spider (0/4) Lair:3        Slime (0/5) Lair:4
    Orc (0/2) D:9
 Vaults: D:13-14

Altars:
Cheibriados
Elyvilon
Hepliaklqana
Makhleb
Trog
Vehumet
Xom
Jiyva
Lugonu

Shops:
D:4 ::   D:5 !   D:11 [*(*

Portals:
Abyss: Lair:5
Trove: D:10 (give 15 scrolls of teleportation)

Annotations:
D:8 3 runed translucent doors, qw's ghost, novice TrCA
Lair:2 3 runed translucent doors, qw's ghost, journeyman MiFi; qw's ghost, journeyman TrCA


Message History

The polar bear closely misses you. You block the polar bear's attack.
The spriggan berserker closely misses you.
You furiously retaliate!
You headbutt the spriggan berserker!
The death yak gores you but does no damage.
The death yak gores you!! You block the polar bear's attack.
The polar bear claws you but does no damage.
The polar bear closely misses you.
The spriggan berserker hits you with a +0 war axe!
The death yak closely misses you.
The spriggan berserker barely misses you.
You furiously retaliate!
You headbutt the spriggan berserker. You block the death yak's attack.
You hit the spriggan berserker.
The spriggan berserker is severely wounded.
You closely miss the spriggan berserker.
You slice the death yak!! You hit the polar bear. You slash the death yak!
Your +1 spectral war axe hits the spriggan berserker!!
Your +1 spectral war axe hits the death yak but does no damage.
The polar bear barely misses you. You furiously retaliate!
You headbutt the polar bear, but do no damage.
The polar bear claws you but does no damage.
The polar bear completely misses you.
The spriggan berserker hits you with a +0 war axe.
The death yak gores you but does no damage. x2
The spriggan berserker hits you with a +0 hand axe.
The spriggan berserker barely misses your +1 spectral war axe.
The polar bear bites you.
The polar bear claws you but does no damage. x2
25855 ||| READING scroll of teleportation.
As you read the scroll of teleportation, it crumbles to dust.
You feel strangely unstable.
You block the spriggan berserker's attack.
The death yak barely misses you. You furiously retaliate!
You headbutt the death yak!
The death yak gores you but does no damage.
The spriggan berserker hits you with a +0 war axe.
You block the polar bear's attack.
The polar bear claws you but does no damage. x2
The death yak gores you!! x2
You die...

#.......#.##(.........7
#.......#.###.........7
#.........###..........
#......................
#...
#.....##...#.##........
#...
#...####..#####).......
#...
###........##¤...........
.....
......##.####..YiY.......
..... ......#..#
##.¤@i.p#.#Y. ...<.
........#####<...h..### .
.....
...........#.))#...##
...#.....[...^.#....#.##
........................
................[##.....
............?.....#...#.
.....##.................
.....#..................


You could see a death knight (reflects damage), 2 death yaks, 2 spriggan
berserkers and a polar bear (summoned, berserk).

Vanquished Creatures
  Rupert (Lair:5)
  Snorg (D:14)
  A fire dragon (D:14)
  4 hydras
  2 boulder beetles (D:11)
  4 centaur warriors
  3 death yaks (D:11)
  A death knight (D:13)
  6 two-headed ogres
  4 spriggan berserkers
  4 thrashing horrors (Lair:5)
  Nergalle (D:12)
  A skeletal warrior (D:13)
  A fire crab (Lair:3)
  2 phantasmal warriors (D:13)
  A wizard (D:14)
  2 cyclopes (D:11)
  A deep elf pyromancer (D:14)
  A mana viper (shapeshifter) (Lair:5)
  2 oklob plants
  4 ugly things
  2 manticores
  15 elephants
  6 black mambas
  Maurice (D:12)
  6 cane toads
  A smoke demon (Lair:5)
  2 gargoyles (D:11)
  2 unseen horrors
  7 komodo dragons
  5 rime drakes
  A kobold demonologist (D:11)
  An ancient zyme (Lair:5)
  A guardian mummy (D:10)
  A meliai (shapeshifter) (Lair:5)
  5 trolls
  A polar bear (Lair:2)
  A tarantella (Lair:3)
  2 hornets
  Prince Ribbit (D:8)
  22 blink frogs
  6 slime creatures
  4 wyverns
  4 wraiths
  2 ynoxinuls (Lair:5)
  4 shadows
  2 vampires
  A wyvern (shapeshifter) (D:14)
  3 large abominations (Lair:5)
  7 basilisks
  43 yaks
  2 chaos spawn (Lair:5)
  9 vampire mosquitoes
  2 steam dragons
  Edmund (D:4)
  3 acid dragons (D:11)
  15 water moccasins
  A swamp drake (Lair:4)
  10 orc warriors
  A black bear (D:4)
  3 ice beasts
  5 centaurs
  7 ogres
  14 wolves
  10 small abominations (Lair:5)
  3 kobold brigands
  2 phantoms
  9 bullfrogs
  3 gnoll sergeants
  A necrophage (D:6)
  An earth elemental (D:11)
  A scorpion (D:5)
  5 killer bees (D:11)
  An electric eel (D:11)
  3 howler monkeys
  3 hounds (D:4)
  13 orc priests
  6 jellies
  Jessica (D:3)
  6 iguanas
  9 orc wizards
  9 gnolls
  12 adders
  2 white imps
  An ufetubus (D:5)
  2 worms
  2 dart slugs (D:2)
  50 orcs
  8 endoplasms
  2 giant cockroaches
  5 goblins
  4 hobgoblins
  17 kobolds
  6 quokkas
  9 ball pythons
  12 bats
  5 frilled lizards
  6 rats
508 creatures vanquished.

Vanquished Creatures (collateral kills)
  3 hydras
  Sonja (D:12)
  Lodul (D:12)
  An ugly thing (D:12)
  A rime drake (Lair:5)
  A troll (D:11)
  An orc (D:12)
9 creatures vanquished.

Vanquished Creatures (others)
  A blink frog (Lair:3)
  A human (D:14)
  28 fungi
  29 plants
59 creatures vanquished.

Grand Total: 576 creatures vanquished

Notes
Turn   | Place    | Note
-------+----------+-------------------------------------------
     0 | D:1      | qw the Minotaur Berserker began the quest for the Orb.
     0 | D:1      | Reached XP level 1. HP: 19/19 MP: 0/0
     0 | D:1      | 0 ||| qw: Version: 0.1-a-119-g272c26d
     0 | D:1      | 0 ||| qw: Game counter: 10799
     0 | D:1      | 0 ||| qw: Always use a shield: true
     0 | D:1      | 0 ||| qw: Do Orc after D:15 true
     0 | D:1      | 0 ||| qw: Do second Lair branch before Depths: true
     0 | D:1      | 0 ||| qw: Lair rune preference: random
     0 | D:1      | 0 ||| qw: Plans: Normal
     0 | D:1      | 0 ||| PLANNING D:1-11
   348 | D:1      | 348 ||| Stepping ~*~*~tactically~*~*~ (hiding).
   450 | D:1      | 450 ||| Stepping ~*~*~tactically~*~*~ (hiding).
   552 | D:1      | 552 ||| Stepping ~*~*~tactically~*~*~ (hiding).
   555 | D:1      | 555 ||| INVOKING Berserk.
   561 | D:1      | Reached XP level 2. HP: 26/26 MP: 1/1
   612 | D:1      | 612 ||| Stepping ~*~*~tactically~*~*~ (stealth).
   630 | D:1      | 630 ||| Stepping ~*~*~tactically~*~*~ (stealth).
   669 | D:1      | 669 ||| INVOKING Berserk.
   672 | D:1      | Reached XP level 3. HP: 31/31 MP: 2/2
   784 | D:1      | 784 ||| DROPPING +0 club.
   830 | D:1      | 830 ||| DROPPING +0 whip.
   844 | D:1      | 844 ||| Stepping ~*~*~tactically~*~*~ (stealth).
   846 | D:1      | 846 ||| Stepping ~*~*~tactically~*~*~ (stealth).
   915 | D:1      | 915 ||| Stepping ~*~*~tactically~*~*~ (stealth).
   917 | D:1      | 917 ||| Stepping ~*~*~tactically~*~*~ (stealth).
   921 | D:1      | 921 ||| Stepping ~*~*~tactically~*~*~ (stealth).
   922 | D:1      | 922 ||| Stepping ~*~*~tactically~*~*~ (stealth).
   962 | D:1      | 962 ||| Stepping ~*~*~tactically~*~*~ (stealth).
  1389 | D:1      | Reached ** piety under Trog
  1563 | D:1      | 1563 ||| UPGRADING to +0 leather armour.
  1573 | D:1      | 1573 ||| DROPPING +0 animal skin.
  1574 | D:1      | 1574 ||| UPGRADING to +0 ring mail.
  1584 | D:1      | 1584 ||| DROPPING +0 leather armour.
  1585 | D:1      | 1585 ||| UPGRADING to +0 scale mail.
  1595 | D:1      | 1595 ||| DROPPING +0 ring mail.
  1596 | D:1      | 1596 ||| UPGRADING to +4 ring of protection.
  1597 | D:1      | 1597 ||| READING 2 scrolls labelled CUYFEI LOLAOJ.
  1598 | D:1      | 1598 ||| READING scroll labelled OCATUUGYRA.
  1599 | D:1      | 1599 ||| READING 2 scrolls labelled LUORCH CILUIJA.
  1602 | D:1      | 1602 ||| READING scroll labelled VUOBOU ZIMPAY.
  1603 | D:1      | 1603 ||| READING scroll labelled GUCYSU LOLOVVA.
  1604 | D:1      | 1604 ||| DROPPING scroll of amnesia.
  1678 | D:2      | 1678 ||| Stepping ~*~*~tactically~*~*~ (hiding).
  1721 | D:2      | 1721 ||| INVOKING Berserk.
  1725 | D:2      | Reached XP level 4. HP: 39/39 MP: 3/3
  1756 | D:2      | Reached skill level 6 in Axes
  2364 | D:2      | Found a faded altar of an unknown god.
  2365 | D:2      | 2365 ||| UPGRADING to +0 cloak.
  2370 | D:2      | 2370 ||| READING scroll labelled YBELE KIKHI.
  2371 | D:2      | 2371 ||| DRINKING 2 inky potions.
  2684 | D:3      | 2684 ||| Stepping ~*~*~tactically~*~*~ (hiding).
  2688 | D:3      | 2688 ||| INVOKING Berserk.
  2696 | D:3      | HP: 7/39 [gnoll/+2 flail of protection (10)]
  2697 | D:3      | 2697 ||| READING scroll of teleportation.
  2697 | D:3      | HP: 3/39 [gnoll/+0 halberd (5)]
  2982 | D:3      | 2982 ||| Stepping ~*~*~tactically~*~*~ (stealth).
  2985 | D:3      | 2985 ||| INVOKING Berserk.
  2987 | D:3      | Reached XP level 5. HP: 45/45 MP: 4/4
  3097 | D:3      | 3097 ||| DROPPING +0 flail.
  3129 | D:3      | Noticed Jessica
  3135 | D:3      | Killed Jessica
  3136 | D:3      | Reached skill level 4 in Fighting
  3137 | D:3      | 3137 ||| FLEEEEING.
  3139 | D:3      | 3139 ||| FLEEEEING.
  3140 | D:3      | 3140 ||| FLEEEEING.
  3141 | D:3      | 3141 ||| FLEEEEING.
  3142 | D:3      | 3142 ||| FLEEEEING.
  3143 | D:3      | 3143 ||| FLEEEEING.
  3144 | D:3      | 3144 ||| FLEEEEING.
  3146 | D:3      | 3146 ||| FLEEEEING.
  3147 | D:3      | 3147 ||| FLEEEEING.
  3148 | D:3      | 3148 ||| FLEEEEING.
  3149 | D:3      | 3149 ||| FLEEEEING.
  3150 | D:3      | 3150 ||| FLEEEEING.
  3151 | D:3      | 3151 ||| FLEEEEING.
  3152 | D:3      | 3152 ||| FLEEEEING.
  3153 | D:3      | 3153 ||| FLEEEEING.
  3154 | D:3      | 3154 ||| FLEEEEING.
  3155 | D:3      | 3155 ||| FLEEEEING.
  3156 | D:3      | 3156 ||| FLEEEEING.
  3157 | D:3      | 3157 ||| FLEEEEING.
  3158 | D:3      | 3158 ||| FLEEEEING.
  3159 | D:3      | 3159 ||| FLEEEEING.
  3160 | D:3      | 3160 ||| FLEEEEING.
  3161 | D:3      | 3161 ||| FLEEEEING.
  3162 | D:3      | 3162 ||| FLEEEEING.
  3163 | D:3      | 3163 ||| FLEEEEING.
  3164 | D:3      | 3164 ||| FLEEEEING.
  3165 | D:3      | 3165 ||| FLEEEEING.
  3166 | D:3      | 3166 ||| FLEEEEING.
  3167 | D:3      | 3167 ||| FLEEEEING.
  3168 | D:3      | 3168 ||| FLEEEEING.
  3169 | D:3      | 3169 ||| FLEEEEING.
  3170 | D:3      | 3170 ||| FLEEEEING.
  3171 | D:3      | 3171 ||| FLEEEEING.
  3172 | D:3      | 3172 ||| FLEEEEING.
  3173 | D:3      | 3173 ||| FLEEEEING.
  3174 | D:3      | 3174 ||| FLEEEEING.
  3175 | D:3      | 3175 ||| FLEEEEING.
  3176 | D:3      | 3176 ||| FLEEEEING.
  3177 | D:3      | 3177 ||| FLEEEEING.
  3178 | D:3      | 3178 ||| FLEEEEING.
  3179 | D:3      | 3179 ||| FLEEEEING.
  3180 | D:3      | 3180 ||| FLEEEEING.
  3181 | D:3      | 3181 ||| FLEEEEING.
  3182 | D:3      | 3182 ||| FLEEEEING.
  3183 | D:3      | 3183 ||| FLEEEEING.
  3185 | D:3      | 3185 ||| FLEEEEING.
  3186 | D:3      | 3186 ||| FLEEEEING.
  3187 | D:3      | 3187 ||| FLEEEEING.
  3188 | D:3      | 3188 ||| FLEEEEING.
  3189 | D:3      | 3189 ||| FLEEEEING.
  3190 | D:3      | 3190 ||| STAIRDANCE
  3222 | D:2      | 3222 ||| UPGRADING to +4 ring of evasion.
  3223 | D:2      | 3223 ||| READING 3 scrolls labelled MEPNAT IPOEHILU.
  3224 | D:2      | 3224 ||| DROPPING 2 scrolls of poison.
  3227 | D:3      | 3227 ||| STAIRDANCE
  3712 | D:3      | 3712 ||| Stepping ~*~*~tactically~*~*~ (stealth).
  3714 | D:3      | 3714 ||| Stepping ~*~*~tactically~*~*~ (stealth).
  3835 | D:3      | 3835 ||| UPGRADING to +0 chain mail.
  3845 | D:3      | 3845 ||| DROPPING +0 scale mail.
  3846 | D:3      | 3846 ||| DROPPING ring of resist corrosion.
  3847 | D:3      | 3847 ||| DRINKING 2 murky grey potions.
  3848 | D:3      | 3848 ||| DROPPING potion of invisibility.
  3879 | D:4      | Noticed a phantom
  3887 | D:4      | Killed a phantom
  3887 | D:4      | Reached *** piety under Trog
  3888 | D:4      | Reached XP level 6. HP: 49/52 MP: 5/5
  3923 | D:4      | 3923 ||| Stepping ~*~*~tactically~*~*~ (stealth).
  3924 | D:4      | 3924 ||| Stepping ~*~*~tactically~*~*~ (stealth).
  4169 | D:4      | Found Latewuoh's Self-Improvement Boutique.
  4194 | D:4      | Found Ippahug's Book Emporium.
  4378 | D:4      | Found a staircase to the Ecumenical Temple.
  4408 | D:4      | Noticed an ice beast
  4413 | D:4      | 4413 ||| INVOKING Berserk.
  4416 | D:4      | Killed an ice beast
  4417 | D:4      | Reached skill level 9 in Axes
  4579 | D:4      | Reached XP level 7. HP: 59/59 MP: 6/6
  4584 | D:4      | 4584 ||| INVOKING Berserk.
  4586 | D:4      | Reached skill level 3 in Armour
  4716 | D:4      | Noticed Edmund
  4721 | D:4      | 4721 ||| INVOKING Berserk.
  4732 | D:4      | Killed Edmund
  4733 | D:4      | Reached skill level 5 in Fighting
  5057 | D:4      | 5057 ||| INVOKING Berserk.
  5358 | D:4      | 5358 ||| DROPPING +2 scale mail of willpower.
  5359 | D:4      | 5359 ||| READING scroll labelled YSAADO WIRPH.
  5503 | D:4      | 5503 ||| DRINKING 2 bubbling blue potions.
  5504 | D:4      | 5504 ||| DRINKING 2 glowing inky potions.
  5505 | D:4      | 5505 ||| READING 3 scrolls of identify.
  5505 | D:4      | 5505 ||| IDENTIFYING fizzy silvery potion
  5506 | D:4      | 5506 ||| READING 2 scrolls of identify.
  5506 | D:4      | 5506 ||| IDENTIFYING silvery potion
  5507 | D:4      | 5507 ||| DROPPING potion of berserk rage.
  5508 | D:4      | 5508 ||| DROPPING potion of degeneration.
  5509 | D:4      | 5509 ||| DROPPING potion of attraction.
  5536 | D:5      | Entered Level 5 of the Dungeon
  5551 | D:5      | 5551 ||| STAIRDANCE
  5727 | D:5      | 5727 ||| INVOKING Berserk.
  5893 | D:5      | 5893 ||| INVOKING Berserk.
  5899 | D:5      | Reached skill level 6 in Fighting
  5902 | D:5      | Reached XP level 8. HP: 71/71 MP: 7/7
  5906 | D:5      | 5906 ||| FLEEEEING.
  6555 | D:5      | 6555 ||| INVOKING Berserk.
  6759 | D:5      | 6759 ||| Stepping ~*~*~tactically~*~*~ (stealth).
  6760 | D:5      | 6760 ||| Stepping ~*~*~tactically~*~*~ (stealth).
  6761 | D:5      | 6761 ||| Stepping ~*~*~tactically~*~*~ (stealth).
  6948 | D:5      | Found Soutidd's Distillery.
  6956 | D:5      | 6956 ||| BUYING 2 potions of might (96 gold).
  6956 | D:5      | Bought 2 potions of might for 96 gold pieces
  6956 | D:5      | 6956 ||| BUYING potion of curing (36 gold).
  6956 | D:5      | Bought a potion of curing for 36 gold pieces
  6956 | D:5      | 6956 ||| BUYING potion of curing (36 gold).
  6956 | D:5      | Bought a potion of curing for 36 gold pieces
  6956 | D:5      | 6956 ||| SHOPLISTING potion of heal wounds (60 gold, have
                  | 44).
  6956 | D:5      | 6956 ||| SHOPLISTING potion of might (48 gold, have 44).
  6956 | D:5      | 6956 ||| SHOPLISTING potion of mutation (96 gold, have 44).
  7077 | D:5      | 7077 ||| READING scroll labelled MUTOARRIZAL.
  7078 | D:5      | 7078 ||| DRINKING 2 lumpy puce potions.
  7120 | D:5      | 7120 ||| READING 3 scrolls of identify.
  7120 | D:5      | 7120 ||| IDENTIFYING bubbling brown potion
  7121 | D:5      | 7121 ||| READING 2 scrolls of identify.
  7121 | D:5      | 7121 ||| IDENTIFYING lumpy black potion
  7122 | D:5      | 7122 ||| DROPPING potion of lignification.
  7123 | D:5      | 7123 ||| DROPPING potion of brilliance.
  7167 | D:6      | 7167 ||| STAIRDANCE
  7177 | D:5      | 7177 ||| INVOKING Berserk.
  7397 | D:6      | 7397 ||| STAIRDANCE
  7467 | D:6      | 7467 ||| INVOKING Berserk.
  7639 | D:6      | 7639 ||| Stepping ~*~*~tactically~*~*~ (stealth).
  7640 | D:6      | 7640 ||| Stepping ~*~*~tactically~*~*~ (stealth).
  7667 | D:6      | 7667 ||| INVOKING Berserk.
  7675 | D:6      | Reached skill level 12 in Axes
  7822 | D:6      | 7822 ||| Stepping ~*~*~tactically~*~*~ (hiding).
  7823 | D:6      | 7823 ||| Stepping ~*~*~tactically~*~*~ (hiding).
  7830 | D:6      | Reached XP level 9. HP: 78/78 MP: 8/8
  7830 | D:6      | 7830 ||| Stepping ~*~*~tactically~*~*~ (hiding).
  7834 | D:6      | 7834 ||| INVOKING Berserk.
  7838 | D:6      | Reached skill level 7 in Fighting
  7877 | D:6      | 7877 ||| Stepping ~*~*~tactically~*~*~ (stealth).
  7982 | D:6      | 7982 ||| SWAPPING to +2 hand axe of electrocution.
  7983 | D:6      | 7983 ||| DROPPING +0 hand axe.
  8108 | D:6      | 8108 ||| INVOKING Berserk.
  8258 | D:6      | Found a shimmering altar of Xom.
  8442 | D:6      | 8442 ||| SWAPPING to +0 war axe.
  8443 | D:6      | 8443 ||| DROPPING +2 hand axe of electrocution.
  8599 | D:6      | 8599 ||| Stepping ~*~*~tactically~*~*~ (hiding).
  8729 | D:6      | 8729 ||| READING scroll labelled DETZAJ VINA.
  8730 | D:6      | 8730 ||| READING scroll labelled WEWUMA HONOM.
  8731 | D:6      | 8731 ||| DRINKING 2 black potions.
  8732 | D:6      | 8732 ||| READING 8 scrolls of identify.
  8732 | D:6      | 8732 ||| IDENTIFYING smoky coppery potion
  8733 | D:6      | 8733 ||| DROPPING potion of flight.
  8751 | D:7      | 8751 ||| Stepping ~*~*~tactically~*~*~ (stealth).
  8759 | D:7      | 8759 ||| Stepping ~*~*~tactically~*~*~ (hiding).
  8763 | D:7      | 8763 ||| DRINKING 5 potions of curing.
  8763 | D:7      | 8763 ||| (to cure confusion)
  8883 | D:7      | 8883 ||| Stepping ~*~*~tactically~*~*~ (stealth).
  8890 | D:7      | 8890 ||| Stepping ~*~*~tactically~*~*~ (stealth).
  8893 | D:7      | 8893 ||| Stepping ~*~*~tactically~*~*~ (stealth).
  8924 | D:7      | 8924 ||| FLEEEEING.
  8925 | D:7      | 8925 ||| FLEEEEING.
  8926 | D:7      | 8926 ||| FLEEEEING.
  8927 | D:7      | 8927 ||| FLEEEEING.
  8928 | D:7      | 8928 ||| FLEEEEING.
  8929 | D:7      | 8929 ||| FLEEEEING.
  8930 | D:7      | 8930 ||| FLEEEEING.
  8931 | D:7      | 8931 ||| FLEEEEING.
  8937 | D:7      | 8937 ||| FLEEEEING.
  8943 | D:7      | 8943 ||| FLEEEEING.
  8944 | D:7      | 8944 ||| STAIRDANCE
  9146 | D:7      | Reached skill level 1 in Throwing
  9147 | D:7      | 9147 ||| INVOKING Berserk.
  9281 | D:7      | 9281 ||| INVOKING Berserk.
  9425 | D:7      | Reached skill level 3 in Throwing
  9885 | D:8      | 9885 ||| INVOKING Berserk.
  9898 | D:8      | 9898 ||| FLEEEEING.
  9899 | D:8      | 9899 ||| FLEEEEING.
  9901 | D:8      | 9901 ||| STAIRDANCE
 10086 | D:8      | Noticed Prince Ribbit
 10087 | D:8      | 10087 ||| INVOKING Berserk.
 10090 | D:8      | Killed Prince Ribbit
 10091 | D:8      | Reached skill level 8 in Fighting
 10226 | D:8      | 10226 ||| INVOKING Berserk.
 10389 | D:8      | Noticed a two-headed ogre
 10393 | D:8      | 10393 ||| INVOKING Berserk.
 10395 | D:8      | Killed a two-headed ogre
 10515 | D:8      | Reached XP level 10. HP: 88/88 MP: 9/9
 10522 | D:8      | 10522 ||| Stepping ~*~*~tactically~*~*~ (hiding).
 10730 | D:8      | 10730 ||| Stepping ~*~*~tactically~*~*~ (hiding).
 10741 | D:8      | 10741 ||| FLEEEEING.
 10743 | D:8      | 10743 ||| FLEEEEING.
 10744 | D:8      | 10744 ||| FLEEEEING.
 10745 | D:8      | 10745 ||| FLEEEEING.
 10745 | D:8      | Found a runed translucent gate.
 10745 | D:8      | Found a runed translucent gate.
 10745 | D:8      | Found a runed translucent gate.
 10747 | D:8      | 10747 ||| STAIRDANCE
 10792 | D:7      | 10792 ||| UPGRADING to +0 plate armour.
 10802 | D:7      | 10802 ||| DROPPING +0 chain mail.
 10805 | D:8      | 10805 ||| STAIRDANCE
 10811 | D:8      | 10811 ||| Stepping randomly (disturbance).
 10812 | D:8      | 10812 ||| Stepping randomly (disturbance).
 10813 | D:8      | 10813 ||| Stepping randomly (disturbance).
 10817 | D:8      | Noticed qw's ghost (novice TrCA)
 10844 | D:8      | Reached skill level 6 in Armour
 11216 | D:9      | Found a bloodstained altar of Trog.
 11222 | D:9      | 11222 ||| Stepping ~*~*~tactically~*~*~ (stealth).
 11226 | D:9      | 11226 ||| DRINKING 4 potions of curing.
 11226 | D:9      | 11226 ||| (to cure confusion)
 11296 | D:9      | Found a staircase to the Orcish Mines.
 11337 | D:9      | 11337 ||| FLEEEEING.
 11338 | D:9      | 11338 ||| FLEEEEING.
 11339 | D:9      | 11339 ||| FLEEEEING.
 11340 | D:9      | 11340 ||| FLEEEEING.
 11341 | D:9      | 11341 ||| FLEEEEING.
 11342 | D:9      | 11342 ||| FLEEEEING.
 11343 | D:9      | 11343 ||| FLEEEEING.
 11344 | D:9      | 11344 ||| FLEEEEING.
 11345 | D:9      | 11345 ||| FLEEEEING.
 11346 | D:9      | 11346 ||| FLEEEEING.
 11347 | D:9      | 11347 ||| FLEEEEING.
 11348 | D:9      | 11348 ||| FLEEEEING.
 11349 | D:9      | 11349 ||| FLEEEEING.
 11350 | D:9      | 11350 ||| FLEEEEING.
 11351 | D:9      | 11351 ||| FLEEEEING.
 11352 | D:9      | 11352 ||| FLEEEEING.
 11353 | D:9      | 11353 ||| FLEEEEING.
 11354 | D:9      | 11354 ||| FLEEEEING.
 11356 | D:9      | 11356 ||| FLEEEEING.
 11357 | D:9      | 11357 ||| FLEEEEING.
 11358 | D:9      | 11358 ||| FLEEEEING.
 11359 | D:9      | 11359 ||| FLEEEEING.
 11360 | D:9      | 11360 ||| FLEEEEING.
 11361 | D:9      | 11361 ||| FLEEEEING.
 11362 | D:9      | 11362 ||| FLEEEEING.
 11363 | D:9      | 11363 ||| FLEEEEING.
 11364 | D:9      | 11364 ||| FLEEEEING.
 11365 | D:9      | 11365 ||| FLEEEEING.
 11366 | D:9      | 11366 ||| FLEEEEING.
 11367 | D:9      | 11367 ||| FLEEEEING.
 11368 | D:9      | 11368 ||| FLEEEEING.
 11369 | D:9      | 11369 ||| FLEEEEING.
 11421 | D:9      | 11421 ||| INVOKING Berserk.
 11545 | D:9      | 11545 ||| Stepping ~*~*~tactically~*~*~ (stealth).
 11680 | D:9      | Reached **** piety under Trog
 12076 | D:9      | Found a faded altar of an unknown god.
 12076 | D:9      | Found a hazy altar of Hepliaklqana.
 12084 | D:9      | Found a white marble altar of Elyvilon.
 12086 | D:9      | Found a snail-covered altar of Cheibriados.
 12088 | D:9      | Found a radiant altar of Vehumet.
 12163 | D:9      | Reached skill level 15 in Axes
 12233 | D:10     | Entered Level 10 of the Dungeon
 12285 | D:10     | 12285 ||| INVOKING Berserk.
 12290 | D:10     | Reached skill level 9 in Fighting
 12295 | D:10     | Reached skill level 3 in Dodging
 12444 | D:10     | 12444 ||| Stepping ~*~*~tactically~*~*~ (stealth).
 12445 | D:10     | 12445 ||| Stepping ~*~*~tactically~*~*~ (stealth).
 12480 | D:10     | Noticed a two-headed ogre
 12484 | D:10     | 12484 ||| INVOKING Berserk.
 12487 | D:10     | Killed a two-headed ogre
 12612 | D:10     | 12612 ||| READING scroll of enchant armour.
 12612 | D:10     | 12612 ||| ENCHANTING +0 cloak.
 12651 | D:10     | 12651 ||| INVOKING Berserk.
 12687 | D:10     | HP: 18/91 [orc warrior/+0 halberd (6)]
 12688 | D:10     | 12688 ||| READING 3 scrolls of teleportation.
 12689 | D:10     | 12689 ||| DRINKING potion of heal wounds.
 12922 | D:10     | 12922 ||| Stepping ~*~*~tactically~*~*~ (stealth).
 12923 | D:10     | 12923 ||| Stepping ~*~*~tactically~*~*~ (stealth).
 12924 | D:10     | 12924 ||| Stepping ~*~*~tactically~*~*~ (stealth).
 12925 | D:10     | 12925 ||| Stepping ~*~*~tactically~*~*~ (stealth).
 12928 | D:10     | 12928 ||| INVOKING Berserk.
 13089 | D:10     | Found a portal to a secret trove of treasure.
 13095 | D:10     | 13095 ||| INVOKING Berserk.
 13099 | D:10     | Reached XP level 11. HP: 97/97 MP: 10/10
 13477 | D:10     | 13477 ||| READING scroll of enchant armour.
 13477 | D:10     | 13477 ||| ENCHANTING +1 cloak.
 13534 | D:10     | 13534 ||| UPGRADING to +0 pair of gloves.
 13539 | D:10     | 13539 ||| DROPPING +6 ring of dexterity.
 13540 | D:10     | 13540 ||| READING scroll labelled ALASIUTEUXE.
 13561 | D:11     | Noticed a death yak
 13564 | D:11     | Noticed a death yak
 13566 | D:11     | 13566 ||| INVOKING Berserk.
 13566 | D:11     | Noticed a death yak
 13569 | D:11     | Killed a death yak
 13571 | D:11     | Found a staircase to the Lair.
 13576 | D:11     | Killed a death yak
 13583 | D:11     | Reached skill level 10 in Fighting
 13589 | D:11     | Reached skill level 9 in Armour
 13589 | D:11     | Reached ***** piety under Trog
 13590 | D:11     | 13590 ||| INVOKING Brothers in Arms.
 13593 | D:11     | Killed a death yak
 13594 | D:11     | Reached skill level 11 in Fighting
 13863 | D:11     | Found Asaedd's Assorted Antiques.
 13890 | D:11     | 13890 ||| FLEEEEING.
 13891 | D:11     | 13891 ||| FLEEEEING.
 13892 | D:11     | 13892 ||| FLEEEEING.
 13893 | D:11     | 13893 ||| FLEEEEING.
 13894 | D:11     | 13894 ||| FLEEEEING.
 13895 | D:11     | 13895 ||| FLEEEEING.
 13898 | D:11     | 13898 ||| STAIRDANCE
 14036 | D:10     | 14036 ||| UPGRADING to +2 hat.
 14050 | D:11     | 14050 ||| STAIRDANCE
 14158 | D:11     | 14158 ||| INVOKING Berserk.
 14163 | D:11     | 14163 ||| STAIRDANCE
 14330 | D:11     | 14330 ||| Stepping ~*~*~tactically~*~*~ (stealth).
 14357 | D:11     | 14357 ||| Stepping ~*~*~tactically~*~*~ (stealth).
 14383 | D:11     | 14383 ||| Stepping ~*~*~tactically~*~*~ (stealth).
 14386 | D:11     | 14386 ||| Stepping ~*~*~tactically~*~*~ (hiding).
 14401 | D:11     | 14401 ||| FLEEEEING.
 14402 | D:11     | 14402 ||| FLEEEEING.
 14403 | D:11     | 14403 ||| FLEEEEING.
 14404 | D:11     | 14404 ||| FLEEEEING.
 14466 | D:11     | 14466 ||| Stepping ~*~*~tactically~*~*~ (hiding).
 14473 | D:11     | 14473 ||| Stepping ~*~*~tactically~*~*~ (hiding).
 14479 | D:11     | 14479 ||| Stepping ~*~*~tactically~*~*~ (hiding).
 14484 | D:11     | Noticed a two-headed ogre
 14486 | D:11     | 14486 ||| DRINKING 3 potions of curing.
 14486 | D:11     | 14486 ||| (to cure confusion)
 14487 | D:11     | 14487 ||| INVOKING Berserk.
 14492 | D:11     | Noticed a two-headed ogre
 14495 | D:11     | Noticed a two-headed ogre
 14495 | D:11     | 14495 ||| DRINKING 2 potions of curing.
 14495 | D:11     | 14495 ||| (to cure confusion)
 14501 | D:11     | HP: 24/102 [two-headed ogre/+0 dire flail (4)]
 14502 | D:11     | 14502 ||| READING 2 scrolls of teleportation.
 14503 | D:11     | HP: 6/102 [two-headed ogre/+0 dire flail (11)]
 14505 | D:11     | Killed a two-headed ogre
 14506 | D:11     | 14506 ||| READING scroll of teleportation.
 14506 | D:11     | Noticed a four-headed hydra
 14610 | D:11     | 14610 ||| Invisible monster not found???
 14705 | D:11     | Noticed a boulder beetle
 14710 | D:11     | 14710 ||| INVOKING Berserk.
 14714 | D:11     | Killed a boulder beetle
 14930 | D:11     | Noticed a boulder beetle
 14935 | D:11     | 14935 ||| INVOKING Berserk.
 14950 | D:11     | Killed a boulder beetle
 14951 | D:11     | Reached skill level 12 in Fighting
 14977 | D:11     | Noticed a centaur warrior
 14978 | D:11     | 14978 ||| Stepping ~*~*~tactically~*~*~ (stealth).
 15047 | D:11     | 15047 ||| INVOKING Berserk.
 15049 | D:11     | Killed a two-headed ogre
 15091 | D:11     | 15091 ||| FLEEEEING.
 15092 | D:11     | 15092 ||| FLEEEEING.
 15093 | D:11     | 15093 ||| FLEEEEING.
 15094 | D:11     | 15094 ||| FLEEEEING.
 15095 | D:11     | 15095 ||| FLEEEEING.
 15096 | D:11     | 15096 ||| FLEEEEING.
 15097 | D:11     | 15097 ||| FLEEEEING.
 15100 | D:11     | 15100 ||| DRINKING potion of curing.
 15100 | D:11     | 15100 ||| (to cure confusion)
 15101 | D:11     | 15101 ||| INVOKING Berserk.
 15122 | D:11     | Noticed a four-headed hydra
 15123 | D:11     | 15123 ||| INVOKING Brothers in Arms.
 15125 | D:11     | 15125 ||| SWAPPING to +2 flail of protection.
 15128 | D:11     | Killed a four-headed hydra
 15129 | D:11     | Reached XP level 12. HP: 112/112 MP: 11/11
 15129 | D:11     | 15129 ||| SWAPPING to +0 spectral war axe.
 15182 | D:11     | 15182 ||| INVOKING Berserk.
 15342 | D:11     | 15342 ||| Stepping ~*~*~tactically~*~*~ (hiding).
 15343 | D:11     | 15343 ||| Stepping ~*~*~tactically~*~*~ (hiding).
 15366 | D:11     | 15366 ||| Stepping ~*~*~tactically~*~*~ (stealth).
 15368 | D:11     | 15368 ||| FLEEEEING.
 15382 | D:11     | 15382 ||| INVOKING Berserk.
 15754 | D:11     | 15754 ||| Stepping ~*~*~tactically~*~*~ (hiding).
 15760 | D:11     | 15760 ||| Stepping ~*~*~tactically~*~*~ (hiding).
 15772 | D:11     | Killed a centaur warrior
 15919 | D:11     | 15919 ||| READING scroll of enchant armour.
 15919 | D:11     | 15919 ||| ENCHANTING +0 pair of gloves.
 15926 | D:11     | Found Feopnuv's Antique Weapon Boutique.
 15934 | D:11     | 15934 ||| BUYING glowing war axe (175 gold).
 15934 | D:11     | Bought a glowing war axe for 175 gold pieces
 15934 | D:11     | 15934 ||| DROPPING +1 war axe of electrocution.
 15941 | D:11     | 15941 ||| Stepping ~*~*~tactically~*~*~ (stealth).
 15977 | D:11     | 15977 ||| UPGRADING to +0 buckler.
 15982 | D:11     | 15982 ||| READING scroll of teleportation.
 15997 | D:11     | 15997 ||| INVOKING Brothers in Arms.
 15998 | D:11     | 15998 ||| INVOKING Brothers in Arms.
 16000 | D:11     | 16000 ||| SWAPPING to +2 flail of protection.
 16002 | D:11     | 16002 ||| INVOKING Berserk.
 16003 | D:11     | Killed a four-headed hydra
 16031 | D:11     | 16031 ||| SWAPPING to +0 spectral war axe.
 16036 | D:11     | Killed a two-headed ogre
 16197 | D:11     | 16197 ||| Stepping randomly (stuck).
 16198 | D:11     | 16198 ||| Stepping ~*~*~tactically~*~*~ (stealth).
 16200 | D:11     | Found Warch's Pet Rocks.
 16203 | D:11     | 16203 ||| Stepping ~*~*~tactically~*~*~ (hiding).
 16213 | D:11     | 16213 ||| Stepping randomly (stuck).
 16215 | D:11     | 16215 ||| Stepping randomly (stuck).
 16299 | D:11     | Found Vicw's Armour Shop.
 16308 | D:11     | 16308 ||| SHOPLISTING +0 ice dragon scales (780 gold, have
                  | 446).
 16308 | D:11     | 16308 ||| BUYING +0 pair of boots (58 gold).
 16308 | D:11     | Bought a +0 pair of boots for 58 gold pieces
 16405 | D:11     | 16405 ||| PLANNING LAIR
 16405 | D:11     | 16405 ||| UPGRADING to +0 pair of boots.
 16410 | D:11     | 16410 ||| UPGRADING to amulet of regeneration.
 16462 | Lair:1   | Entered Level 1 of the Lair of Beasts
 16475 | Lair:1   | 16475 ||| INVOKING Berserk.
 16480 | Lair:1   | Reached skill level 6 in Shields
 16692 | Lair:1   | Identified the +0 ring mail of Curiosity {Drain +Blink
                  | Str+5 Int+2}
 17192 | Lair:1   | 17192 ||| READING scroll labelled FEMIORGH ZEUN.
 17193 | Lair:1   | 17193 ||| READING scroll labelled FUKHLE ZEEMOPS.
 17352 | Lair:2   | Found a staircase to the Shoals.
 17413 | Lair:2   | 17413 ||| INVOKING Berserk.
 17646 | Lair:2   | 17646 ||| INVOKING Berserk.
 17653 | Lair:2   | 17653 ||| Stepping ~*~*~tactically~*~*~ (stealth).
 17655 | Lair:2   | 17655 ||| Stepping ~*~*~tactically~*~*~ (hiding).
 17709 | Lair:2   | 17709 ||| Stepping ~*~*~tactically~*~*~ (stealth).
 17772 | Lair:2   | 17772 ||| Stepping ~*~*~tactically~*~*~ (hiding).
 17850 | Lair:2   | 17850 ||| DROPPING +0 flail of holy wrath.
 17894 | Lair:2   | 17894 ||| Stepping ~*~*~tactically~*~*~ (stealth).
 17907 | Lair:2   | Reached skill level 12 in Armour
 18167 | Lair:2   | 18167 ||| Stepping ~*~*~tactically~*~*~ (stealth).
 18168 | Lair:2   | 18168 ||| Stepping ~*~*~tactically~*~*~ (stealth).
 18170 | Lair:2   | 18170 ||| Stepping ~*~*~tactically~*~*~ (stealth).
 18194 | Lair:2   | Reached skill level 13 in Fighting
 18196 | Lair:2   | 18196 ||| Stepping ~*~*~tactically~*~*~ (stealth).
 18202 | Lair:2   | 18202 ||| INVOKING Berserk.
 18313 | Lair:2   | Found a runed translucent gate.
 18315 | Lair:2   | Found a runed translucent gate.
 18316 | Lair:2   | Found a runed translucent gate.
 18317 | Lair:2   | Noticed qw's ghost (journeyman TrCA)
 18317 | Lair:2   | Noticed qw's ghost (journeyman MiFi)
 18595 | Lair:3   | 18595 ||| Stepping ~*~*~tactically~*~*~ (stealth).
 18596 | Lair:3   | 18596 ||| INVOKING Berserk.
 18614 | Lair:3   | 18614 ||| READING scroll of teleportation.
 18617 | Lair:3   | 18617 ||| Stepping randomly (cloudy).
 18621 | Lair:3   | 18621 ||| Stepping ~*~*~tactically~*~*~ (cloud).
 18623 | Lair:3   | Reached skill level 9 in Shields
 18623 | Lair:3   | 18623 ||| Stepping ~*~*~tactically~*~*~ (cloud).
 18854 | Lair:3   | Reached XP level 13. HP: 121/122 MP: 12/12
 18928 | Lair:3   | 18928 ||| INVOKING Berserk.
 19298 | Lair:3   | Found a hole to the Spider Nest.
 19303 | Lair:3   | Reached skill level 6 in Throwing
 19342 | Lair:3   | 19342 ||| INVOKING Berserk.
 19702 | Lair:3   | 19702 ||| DROPPING ring of willpower.
 19703 | Lair:3   | 19703 ||| READING scroll labelled QEIMYW MICIY.
 19870 | Lair:4   | 19870 ||| Stepping ~*~*~tactically~*~*~ (stealth).
 19889 | Lair:4   | Found a viscous altar of Jiyva.
 19890 | Lair:4   | Found a staircase to the Slime Pits.
 19970 | Lair:4   | 19970 ||| DRINKING potion of resistance.
 19977 | Lair:4   | Reached skill level 14 in Fighting
 20167 | Lair:4   | 20167 ||| Stepping ~*~*~tactically~*~*~ (hiding).
 20455 | Lair:4   | Identified the +8 falchion "Feruptoc" {speed, rElec rC-
                  | Dex+3}
 20574 | Lair:4   | 20574 ||| READING scroll labelled LETREW YKACAS.
 20575 | Lair:4   | 20575 ||| READING scroll labelled SOMMAS DEUH.
 20609 | Lair:5   | Entered Level 5 of the Lair of Beasts
 20610 | Lair:5   | 20610 ||| INVOKING Brothers in Arms.
 20611 | Lair:5   | 20611 ||| SWAPPING to +2 flail of protection.
 20612 | Lair:5   | 20612 ||| INVOKING Berserk.
 20614 | Lair:5   | Reached skill level 6 in Dodging
 20623 | Lair:5   | 20623 ||| SWAPPING to +0 spectral war axe.
 20752 | Lair:5   | 20752 ||| INVOKING Berserk.
 20785 | Lair:5   | 20785 ||| Stepping ~*~*~tactically~*~*~ (stealth).
 20958 | Lair:5   | 20958 ||| INVOKING Berserk.
 21108 | Lair:5   | 21108 ||| INVOKING Berserk.
 21125 | Lair:5   | Reached skill level 15 in Fighting
 21343 | Lair:5   | 21343 ||| Stepping ~*~*~tactically~*~*~ (stealth).
 21344 | Lair:5   | 21344 ||| Stepping ~*~*~tactically~*~*~ (stealth).
 21349 | Lair:5   | 21349 ||| Stepping ~*~*~tactically~*~*~ (stealth).
 21352 | Lair:5   | 21352 ||| INVOKING Berserk.
 21482 | Lair:5   | 21482 ||| INVOKING Berserk.
 21509 | Lair:5   | 21509 ||| Stepping ~*~*~tactically~*~*~ (stealth).
 21606 | Lair:5   | 21606 ||| Stepping ~*~*~tactically~*~*~ (stealth).
 21619 | Lair:5   | 21619 ||| INVOKING Berserk.
 21660 | Lair:5   | HP: 29/126 [mana viper (shapeshifter) (11)]
 21661 | Lair:5   | 21661 ||| DRINKING potion of heal wounds.
 21666 | Lair:5   | HP: 22/126 [mana viper (shapeshifter) (1)]
 21724 | Lair:5   | 21724 ||| FLEEEEING.
 21725 | Lair:5   | 21725 ||| FLEEEEING.
 21726 | Lair:5   | 21726 ||| FLEEEEING.
 21730 | Lair:5   | 21730 ||| FLEEEEING.
 21732 | Lair:5   | 21732 ||| FLEEEEING.
 21733 | Lair:5   | 21733 ||| FLEEEEING.
 21734 | Lair:5   | 21734 ||| FLEEEEING.
 21735 | Lair:5   | 21735 ||| FLEEEEING.
 21736 | Lair:5   | 21736 ||| FLEEEEING.
 21737 | Lair:5   | 21737 ||| FLEEEEING.
 21738 | Lair:5   | 21738 ||| FLEEEEING.
 21739 | Lair:5   | 21739 ||| FLEEEEING.
 21740 | Lair:5   | 21740 ||| FLEEEEING.
 21741 | Lair:5   | 21741 ||| FLEEEEING.
 21742 | Lair:5   | 21742 ||| FLEEEEING.
 21743 | Lair:5   | 21743 ||| FLEEEEING.
 21745 | Lair:5   | 21745 ||| FLEEEEING.
 21874 | Lair:5   | Found a burning altar of Makhleb.
 21937 | Lair:5   | 21937 ||| Stepping ~*~*~tactically~*~*~ (stealth).
 21943 | Lair:5   | Reached XP level 14. HP: 135/135 MP: 13/13
 21948 | Lair:5   | Noticed Rupert
 21949 | Lair:5   | 21949 ||| INVOKING Trog's Hand.
 21950 | Lair:5   | 21950 ||| INVOKING Brothers in Arms.
 21954 | Lair:5   | 21954 ||| INVOKING Berserk.
 21967 | Lair:5   | Killed Rupert
 22173 | Lair:5   | 22173 ||| Stepping ~*~*~tactically~*~*~ (stealth).
 22261 | Lair:5   | 22261 ||| Stepping ~*~*~tactically~*~*~ (stealth).
 22274 | Lair:5   | 22274 ||| Stepping ~*~*~tactically~*~*~ (stealth).
 22277 | Lair:5   | 22277 ||| READING scroll of enchant armour.
 22277 | Lair:5   | 22277 ||| ENCHANTING +1 pair of gloves.
 22285 | Lair:5   | 22285 ||| INVOKING Berserk.
 22298 | Lair:5   | 22298 ||| Stepping ~*~*~tactically~*~*~ (hiding).
 22307 | Lair:5   | 22307 ||| Stepping ~*~*~tactically~*~*~ (hiding).
 22312 | Lair:5   | Reached skill level 15 in Armour
 22312 | Lair:5   | 22312 ||| Stepping ~*~*~tactically~*~*~ (cloud).
 22314 | Lair:5   | 22314 ||| Stepping ~*~*~tactically~*~*~ (stealth).
 22327 | Lair:5   | 22327 ||| FLEEEEING.
 22328 | Lair:5   | 22328 ||| FLEEEEING.
 22329 | Lair:5   | 22329 ||| FLEEEEING.
 22330 | Lair:5   | 22330 ||| FLEEEEING.
 22331 | Lair:5   | 22331 ||| FLEEEEING.
 22332 | Lair:5   | 22332 ||| FLEEEEING.
 22346 | Lair:5   | 22346 ||| Stepping ~*~*~tactically~*~*~ (hiding).
 22441 | Lair:5   | 22441 ||| Stepping ~*~*~tactically~*~*~ (stealth).
 22525 | Lair:5   | Found a corrupted altar of Lugonu.
 22525 | Lair:5   | Found a one-way gate to the infinite horrors of the Abyss.
 22585 | Lair:5   | Reached skill level 16 in Fighting
 22596 | Lair:5   | 22596 ||| Stepping ~*~*~tactically~*~*~ (stealth).
 22597 | Lair:5   | 22597 ||| Stepping ~*~*~tactically~*~*~ (stealth).
 22838 | Lair:5   | 22838 ||| PLANNING D
 22838 | Lair:5   | 22838 ||| DROPPING ring of flight.
 23006 | D:12     | Noticed Nergalle
 23019 | D:12     | Killed Nergalle
 23150 | D:12     | 23150 ||| Stepping ~*~*~tactically~*~*~ (hiding).
 23190 | D:12     | Noticed Maurice
 23197 | D:12     | Killed Maurice
 23371 | D:12     | Noticed Sonja
 23372 | D:12     | 23372 ||| INVOKING Brothers in Arms.
 23384 | D:12     | 23384 ||| INVOKING Brothers in Arms.
 23386 | D:12     | Killed Sonja
 23555 | D:12     | Noticed Lodul
 23556 | D:12     | 23556 ||| INVOKING Brothers in Arms.
 23557 | D:12     | 23557 ||| INVOKING Brothers in Arms.
 23558 | D:12     | 23558 ||| INVOKING Berserk.
 23566 | D:12     | Killed Lodul
 23569 | D:12     | Reached skill level 17 in Fighting
 23701 | D:12     | 23701 ||| UPGRADING to +2 cloak of poison resistance.
 23711 | D:12     | 23711 ||| DROPPING +2 cloak.
 23841 | D:13     | 23841 ||| READING scroll of enchant weapon.
 23841 | D:13     | 23841 ||| ENCHANTING +0 spectral war axe.
 23893 | D:13     | 23893 ||| INVOKING Berserk.
 23963 | D:13     | 23963 ||| INVOKING Brothers in Arms.
 23964 | D:13     | 23964 ||| INVOKING Brothers in Arms.
 23965 | D:13     | 23965 ||| SWAPPING to +2 flail of protection.
 23966 | D:13     | 23966 ||| INVOKING Berserk.
 23978 | D:13     | 23978 ||| SWAPPING to +1 spectral war axe.
 24276 | D:13     | 24276 ||| Stepping ~*~*~tactically~*~*~ (stealth).
 24327 | D:13     | 24327 ||| Stepping ~*~*~tactically~*~*~ (hiding).
 24328 | D:13     | 24328 ||| Stepping ~*~*~tactically~*~*~ (hiding).
 24535 | D:13     | 24535 ||| INVOKING Brothers in Arms.
 24537 | D:13     | 24537 ||| SWAPPING to +2 flail of protection.
 24538 | D:13     | 24538 ||| INVOKING Berserk.
 24545 | D:13     | 24545 ||| SWAPPING to +1 spectral war axe.
 24784 | D:13     | 24784 ||| SWAPPING to +2 flail of protection.
 24785 | D:13     | 24785 ||| INVOKING Berserk.
 24796 | D:13     | 24796 ||| SWAPPING to +1 spectral war axe.
 25080 | D:14     | 25080 ||| INVOKING Trog's Hand.
 25082 | D:14     | 25082 ||| INVOKING Berserk.
 25112 | D:14     | 25112 ||| FLEEEEING.
 25118 | D:14     | 25118 ||| STAIRDANCE
 25329 | D:14     | Noticed Snorg
 25334 | D:14     | 25334 ||| INVOKING Berserk.
 25341 | D:14     | Killed Snorg
 25400 | D:14     | 25400 ||| INVOKING Berserk.
 25548 | D:14     | 25548 ||| Stepping ~*~*~tactically~*~*~ (hiding).
 25550 | D:14     | 25550 ||| Stepping ~*~*~tactically~*~*~ (hiding).
 25581 | D:14     | 25581 ||| SWAPPING to +2 flail of protection.
 25582 | D:14     | 25582 ||| INVOKING Berserk.
 25587 | D:14     | Reached XP level 15. HP: 147/147 MP: 14/14
 25595 | D:14     | 25595 ||| SWAPPING to +1 spectral war axe.
 25610 | D:14     | HP: 28/147 [spriggan berserker/+2 antimagic flail (19)]
 25610 | D:14     | HP: 12/147 [spriggan berserker/+0 rapier (16)]
 25611 | D:14     | 25611 ||| READING 2 scrolls of teleportation.
 25612 | D:14     | 25612 ||| DRINKING potion of heal wounds.
 25643 | D:14     | 25643 ||| FLEEEEING.
 25644 | D:14     | 25644 ||| FLEEEEING.
 25645 | D:14     | 25645 ||| FLEEEEING.
 25646 | D:14     | 25646 ||| FLEEEEING.
 25647 | D:14     | 25647 ||| FLEEEEING.
 25648 | D:14     | 25648 ||| FLEEEEING.
 25649 | D:14     | 25649 ||| FLEEEEING.
 25650 | D:14     | 25650 ||| FLEEEEING.
 25651 | D:14     | 25651 ||| FLEEEEING.
 25652 | D:14     | 25652 ||| STAIRDANCE
 25706 | D:14     | 25706 ||| STAIRDANCE
 25708 | D:13     | 25708 ||| INVOKING Berserk.
 25838 | D:14     | 25838 ||| INVOKING Berserk.
 25854 | D:14     | HP: 33/147 [polar bear[a spriggan berserker] (4)]
 25855 | D:14     | 25855 ||| READING scroll of teleportation.
 25855 | D:14     | HP: 11/147 [death yak[a spriggan berserker] (19)]
 25855 | D:14     | Demolished by a death yak

Levels and vault maps discovered:
D:1:      dpeg_arrival_subterranean_lakeside_camping, layout_loops_ring
D:2:      layout_basic, shapermc_ecumenical_altar_mp_urbaneastern,
          grunt_decor_resistance
D:3:      layout_loops_corners, minmay_misc_feat_encased,
          minmay_three_crescents, uniq_jessica
D:4:      layout_cave_pods, minmay_temple_entry_junction_2, serial_shops,
          nicolae_stop_n_shop_2, nrook_loot_triangle, nicolae_shop_self_help,
          uniq_edmund
D:5:      layout_layer_cave, serial_shops,
          nicolae_shop_temple_entry_statues_fountains
D:6:      layout_basic, xom_butterflies
D:7:      hellmonk_destroyed_diamonds, layout_gridville
D:8:      layout_loops_ring, gammafunk_ghost_necromancy, uniq_prince_ribbit1
D:9:      layout_loops_ring, mainiacjoe_overflow_tiny_flanked,
          chequers_temple_overflow_minitemple, orc_0_dummy
D:10:     layout_roguey [special_room_orc], nicolae_trove_entry_path_of_doom
D:11:     nzn_winding_woodlands_medium [nzn_winding_woodlands_5x5_three,
          nzn_winding_woodlands_5x15_zeroes,
          nzn_winding_woodlands_5x5_perimeter,
          nzn_winding_woodlands_5x5_default,
          nzn_winding_woodlands_center_garden,
          nzn_winding_woodlands_5x5_open_star, nzn_winding_woodlands_hourglass,
          nzn_winding_woodlands_5x15_river_crossing,
          nzn_winding_woodlands_5x5_checkerboard], layout_basic,
          dpeg_lair_monsters, serial_shops, shop, shop, nicolae_shop_stone,
          hangedman_decor_growths, guppyfry_shop_earth
D:12:     layout_big_octagon, uniq_lodul, uniq_maurice, uniq_sonja,
          uniq_nergalle
D:13:     layout_stronghold
D:14:     layout_cave_pools, ximxim_vaults_locker_room, minmay_misc_feat_tiny,
          minmay_guarded_unrand_wrath_of_trog, uniq_snorg
Lair:1:   layout_gridlike, grunt_megastairs_2
Lair:2:   layout_loops_ring, shoals_dummy_entry, gammafunk_ghost_cemetery,
          lemuel_fruit_tree, grunt_megastairs_3, serial_bayou_shore_a
Lair:3:   layout_loops_ring, spider_nest_entry_rubble
Lair:4:   layout_regular_city, minmay_slime_entry_pillars, pond
Lair:5:   hellmonk_lair_end_abyssal_woods, layout_loops_ring, basic_altar,
          minivault_11, chequers_serial_rivers_micro_c,
          chequers_serial_rivers_small_3, minivault_25, uniq_rupert

Skill      XL: |  1  2  3  4  5  6  7  8  9 10 11 12 13 14 |
---------------+-------------------------------------------+-----
Axes           | 4 5 7 9 10 12 14 16 | 16.0
Fighting       | 4 6 8 9 12 13 15 17 | 17.4
Armour         | 3 5 7 10 12 14 16 | 16.0
Throwing       | 3 4 5 7 8 |  8.0
Dodging        | 3 4 5 6 7 |  7.0
Shields        | 9 10 | 10.8

Action                   |  1- 3 |  4- 6 |  7- 9 | 10-12 | 13-15 || total
-------------------------+-------+-------+-------+-------+-------++-------
Melee: Hand axe          |    82 |   116 |   168 |       |       ||   366
       Headbutt          |    10 |    22 |    35 |    89 |   125 ||   281
       Punch             |       |       |     3 |     5 |       ||     8
       War axe           |       |       |    73 |   390 |   456 ||   919
       Flail             |       |       |       |     5 |    19 ||    24
Throw: Javelin           |       |       |     6 |    30 |    70 ||   106
       Boomerang         |       |       |       |    34 |    57 ||    91
Invok: Berserk           |     3 |     3 |    17 |    21 |    22 ||    66
       Brothers in Arms  |       |       |       |     3 |     7 ||    10
       Trog's Hand       |       |       |       |       |     2 ||     2
  Use: Scroll            |     5 |     3 |     9 |    11 |     7 ||    35
       Potion            |       |     2 |     5 |     5 |     3 ||    15
 Stab: Distracted        |       |       |       |     5 |    12 ||    17
Armor: Animal skin       |    12 |       |       |       |       ||    12
       Scale mail        |     1 |    29 |       |       |       ||    30
       Chain mail        |       |    10 |    81 |    10 |       ||   101
       Plate armour      |       |       |       |   140 |   283 ||   423
Dodge: Dodged            |    53 |    69 |   113 |   180 |   216 ||   631
Block: Buckler           |       |       |       |     7 |   115 ||   122

Table legend:
 A = Non-vault XP
 B = Vault XP
 C = Vault XP percentage of total XP
 D = Non-vault monster count
 E = Vault monster count
 F = Vault count percentage of total count
                 A         B        C        D         E       F
            +---------+---------+-------+---------+---------+-------
      Total |   68341 |   37317 |  35.3 |     380 |     138 |  26.6
            +---------+---------+-------+---------+---------+-------
        D:1 |      62 |       9 |  12.7 |      24 |       6 |  20.0
        D:2 |      67 |       0 |   0.0 |      17 |       0 |   0.0
        D:3 |     107 |      46 |  30.1 |      20 |       7 |  25.9
        D:4 |     622 |     164 |  20.9 |      22 |       1 |   4.3
        D:5 |    1136 |       0 |   0.0 |      23 |       0 |   0.0
        D:6 |     917 |       0 |   0.0 |      23 |       0 |   0.0
        D:7 |     705 |       0 |   0.0 |      15 |       0 |   0.0
        D:8 |    1877 |     268 |  12.5 |      15 |       1 |   6.2
        D:9 |    2446 |       0 |   0.0 |      18 |       0 |   0.0
       D:10 |    1612 |     956 |  37.2 |       7 |      27 |  79.4
       D:11 |    5105 |   12947 |  71.7 |      28 |      34 |  54.8
       D:12 |    5544 |    3430 |  38.2 |      27 |      10 |  27.0
       D:13 |    7964 |    1566 |  16.4 |      12 |       2 |  14.3
       D:14 |    7606 |    2546 |  25.1 |      14 |       3 |  17.6
     Lair:1 |    1173 |       0 |   0.0 |       5 |       0 |   0.0
     Lair:2 |    5217 |     361 |   6.5 |      28 |       1 |   3.4
     Lair:3 |    7078 |     289 |   3.9 |      18 |       1 |   5.3
     Lair:4 |    3090 |    1104 |  26.3 |      16 |       7 |  30.4
     Lair:5 |   16013 |   13631 |  46.0 |      48 |      38 |  44.2
            +---------+---------+-------+---------+---------+-------
